 Dungeon Crawl Stone Soup version 0.19.0-20-gbc5f0c6 (webtiles) character file.

1336 Jarno the Cleaver (level 8, -1/68 HPs)
             Began as a Hill Orc Gladiator on Nov 16, 2016.
             Was a Follower of Beogh.
             Slain by an orc warrior
             ... wielding a +0 short sword
              (9 damage)
             ... on level 5 of the Dungeon.
             The game lasted 00:16:21 (4359 turns).

Jarno the Cleaver (Hill Orc Gladiator)              Turns: 4359, Time: 00:16:22

Health: -1/68      AC: 12    Str: 18    XL:     8   Next: 61%
Magic:  10/10      EV:  8    Int:  8    God:    Beogh [*.....]
Gold:   236        SH:  0    Dex: 13    Spells: 1 memorised, 9 levels left

rFire  . . .     SeeInvis .     a - +0 war axe
rCold  . . .     Gourm    .     i - +0 chain mail
rNeg   . . .     Faith    .     (no shield)
rPois  .         Spirit   .     c - +0 helmet
rElec  .         Reflect  .     (no cloak)
rCorr  .         Harm     .     v - +0 pair of gloves
MR     .....                    (no boots)
Stlth  ..........               (no amulet)
                                (no ring)
                                (no ring)

@: no status effects
A: no striking features
a: Renounce Religion


You were on level 5 of the Dungeon.
You worshipped Beogh.
Beogh was aware of your devotion.
You were not hungry.

You visited 1 branch of the dungeon, and saw 6 of its levels.
You also visited: Ossuary.

You collected 236 gold pieces.

Inventory:

Hand Weapons
 a - a +0 war axe (weapon)
 u - a +0 blowgun
Missiles
 d - a throwing net (quivered)
 o - 151 stones
 t - 27 poisoned needles
Armour
 c - a +0 helmet (worn)
 i - a +0 chain mail (worn)
 v - a +0 pair of gloves (worn)
Wands
 j - a wand of confusion (12/48)
 y - a wand of teleportation (3/9)
 B - a wand of disintegration (7/24)
Scrolls
 b - a scroll of summoning {unknown}
 e - 2 scrolls of enchant weapon {unknown}
 l - a scroll of remove curse {unknown}
 n - 3 scrolls of fear
 p - a scroll of magic mapping {unknown}
 s - a scroll of recharging {unknown}
 w - a scroll of enchant armour {unknown}
 x - a scroll of identify
 z - 2 scrolls of random uselessness {unknown}
 A - a scroll of blinking {unknown}
 D - a scroll of holy word {unknown}
 H - a scroll of teleportation {unknown}
Potions
 g - a potion of might {unknown}
 h - 7 potions of curing
 k - a potion of degeneration {unknown}
 q - 2 potions of agility {unknown}
 r - 2 potions of resistance
 C - a potion of cancellation {unknown}
 E - a potion of experience {unknown}
 F - a potion of heal wounds {unknown}
Books
 G - a book of Flames

   Spells                             Type                      Level
   a - Flame Tongue                   Conjuration/Fire             1
   b - Throw Flame                    Conjuration/Fire             2
   c - Conjure Flame                  Conjuration/Fire             3
   d - Inner Flame                    Hexes/Fire                   3
   e - Sticky Flame                   Conjuration/Fire             4
   f - Fireball                       Conjuration/Fire             5
Comestibles
 f - 2 bread rations


   Skills:
 + Level 5.0 Fighting
 + Level 9.1 Axes
 + Level 2.0 Throwing
 + Level 5.1 Armour
 + Level 3.1 Dodging
 * Level 1.6 Spellcasting
 * Level 2.4 Conjurations
 * Level 2.2 Fire Magic
 + Level 0.4 Evocations


You had 9 spell levels left.
You knew the following spells:

 Your Spells              Type           Power        Failure   Level  Hunger
a - Flame Tongue          Conj/Fire      #....        99%         1    ##.....


Dungeon Overview and Level Annotations

Branches:
Dungeon (6/15)
 Temple: D:4-7

Altars:
Trog
The Shining One

Shops:
D:4 [

Annotations:
D:6 evildog's ghost, novice MiFi


Message History

Aim: an orc warrior, wielding a short sword and wearing a plate armour (moderately wounded, confused, chance to defeat MR: 67%)
The orc warrior is blasted.
Evoking this partially-identified wand wasted a few charges.
Evoke which item? (* to show all) (? for menu, Esc to quit)
Zapping:
B - a wand of disintegration {zapped: 3} (will waste charges)
Press: ? - help, Shift-Dir - straight line, f/p - orc warrior
Aim: an orc warrior, wielding a short sword and wearing a plate armour (severely wounded, confused, chance to defeat MR: 67%)
The orc warrior struggles to resist.
Evoking this partially-identified wand wasted a few charges.
The orc warrior seems less confused.
Evoke which item? (* to show all) (? for menu, Esc to quit)
Okay, then.
Evoke which item? (* to show all) (? for menu, Esc to quit)
Zapping:
j - a wand of confusion {zapped: 4} (will waste charges)
Press: ? - help, Shift-Dir - straight line, f/p - orc warrior
Aim: an orc warrior, wielding a short sword and wearing a plate armour (severely wounded, chance to defeat MR: 47%)
The orc warrior resists with some effort.
Evoking this partially-identified wand wasted a few charges.
The orc warrior hits you with a short sword!
You die...

#........#.####.#.# #
#........)## #.#.#
#.........# #.#.#######
#...#####.#####.#........
#########...#
#................
...)........#
#.......#########
##########..# #..######
##.#####.## #....o@.#
###...### ######## ##.##
.....†.# #.# ######.# #.#
#.# #.# ##########
#.#######.# #........#
#.#.......# #.######.#
######.#.############.#
#.####


You could see an orc warrior.

Vanquished Creatures
  A hungry ghost (D:4)
  An orc warrior (D:6)
  A necrophage (D:5)
  A bullfrog (D:5)
  A scorpion (D:4)
  3 centaur zombies (Ossuary)
  A hound (D:5)
  2 jellies
  An orc priest (D:6)
  8 orc wizards
  An iguana (D:5)
  2 worker ants
  4 big kobold zombies (Ossuary)
  5 mummies (Ossuary)
  A worker ant zombie (D:6)
  Robin (D:4)
  4 gnolls
  6 adders
  5 worms
  A dart slug (D:1)
  5 leopard geckos
  24 orcs
  4 bats
  6 giant cockroaches
  13 goblins
  9 hobgoblins
  12 jackals
  6 kobolds
  3 quokkas
  A ball python (D:4)
  5 frilled lizards
  4 hobgoblin zombies (Ossuary)
  A leopard gecko zombie (D:5)
  5 rats
148 creatures vanquished.

Vanquished Creatures (others)
  2 orcs (D:4)
  4 goblins (D:4)
  A hobgoblin (D:4)
7 creatures vanquished.

Grand Total: 155 creatures vanquished

Notes
Turn   | Place    | Note
-------+----------+-------------------------------------------
     0 | D:1      | Jarno the Hill Orc Gladiator began the quest for the Orb.
     0 | D:1      | Reached XP level 1. HP: 18/18 MP: 1/1
   248 | D:1      | Reached XP level 2. HP: 23/25 MP: 2/2
   538 | D:1      | Found a glowing golden altar of the Shining One.
   736 | D:2      | Reached XP level 3. HP: 14/30 MP: 3/3
   956 | D:2      | Reached skill level 1 in Armour
   963 | D:2      | Reached skill level 5 in Axes
  1039 | D:2      | Reached XP level 4. HP: 32/37 MP: 4/4
  1101 | D:2      | Found a bloodstained altar of Trog.
  1647 | D:3      | Reached skill level 6 in Axes
  1647 | D:3      | Reached XP level 5. HP: 45/45 MP: 5/5
  2111 | D:4      | Became a worshipper of Beogh the Brigand
  2117 | D:4      | Noticed Robin
  2270 | D:4      | Killed Robin
  2270 | D:4      | Reached XP level 6. HP: 47/51 MP: 6/6
  2327 | D:4      | Noticed a hungry ghost
  2350 | D:4      | Killed a hungry ghost
  2350 | D:4      | Reached skill level 7 in Axes
  2548 | D:4      | Found Buext's Armour Shoppe.
  2630 | D:4      | Reached XP level 7. HP: 53/58 MP: 7/7
  2829 | D:5      | Entered Level 5 of the Dungeon
  3042 | D:5      | Reached skill level 8 in Axes
  3463 | D:5      | Reached * piety under Beogh
  3467 | D:5      | Learned a level 1 spell: Flame Tongue
  3526 | D:5      | Reached skill level 1 in Conjurations
  3543 | D:5      | Reached skill level 1 in Fire Magic
  3802 | D:6      | Reached XP level 8. HP: 66/66 MP: 9/9
  3808 | D:6      | Reached skill level 1 in Spellcasting
  3842 | D:6      | Found a sand-covered staircase.
  3849 | D:6      | Noticed evildog's ghost (novice MiFi)
  3851 | Ossuary  | Entered an ossuary
  3957 | Ossuary  | Reached skill level 5 in Armour
  4094 | Ossuary  | Reached skill level 9 in Axes
  4228 | D:6      | Reached skill level 5 in Fighting
  4359 | D:5      | Slain by an orc warrior

Skill      XL: |  1  2  3  4  5  6  7  8 |
---------------+-------------------------+-----
Armour         | 1 2 3 4 5 |  5.1
Axes           | 5 6 7 8 9 |  9.1
Fighting       | 3 4 5 |  5.0
Dodging        | 3 |  3.1
Throwing       | 2 |  2.0
Conjurations   | 1 2 |  2.4
Fire Magic     | 1 2 |  2.2
Spellcasting   | 1 |  1.6
Evocations     | |  0.4

Action                   |  1- 3 |  4- 6 |  7- 9 || total
-------------------------+-------+-------+-------++-------
Melee: War axe           |   105 |   211 |   245 ||   561
Throw: Throwing net      |       |     2 |     1 ||     3
Invok: Convert to Beogh  |       |     1 |       ||     1
Evoke: Wand              |       |       |    21 ||    21
  Use: Scroll            |       |       |     3 ||     3
       Potion            |       |       |     1 ||     1
 Stab: Distracted        |       |       |     1 ||     1
       Held in net/web   |       |       |     1 ||     1
       Confused          |       |       |     1 ||     1
  Eat: Chunk             |     1 |     7 |     4 ||    12
       Meat ration       |       |       |     1 ||     1
       Fruit             |       |       |     1 ||     1
Armor: Leather armour    |    37 |       |       ||    37
       Chain mail        |    15 |   126 |   125 ||   266
Dodge: Dodged            |    76 |   101 |    78 ||   255
